 Dungeon Sprint DCSS version 0.28-a0-245-g639a1a48b9 (webtiles) character file.

Game seed: 16977719378248133081

74787 MikeHunt the Tainter (level 14, -5/133 HPs)
             Began as a Demigod Conjurer on Aug 24, 2021.
             Killed by the air
             ... invoked by a wind drake
              (8 damage)
             ... in the Dungeon (Sprint V: "Ziggurat Sprint").
             The game lasted 00:22:12 (3485 turns).

MikeHunt the Tainter (Demigod Conjurer)             Turns: 3485, Time: 00:22:12

Health: -5/133     AC: 33    Str: 16    XL:     14   Next: 66%
Magic:  28/31      EV: 15    Int: 23    God:
Gold:   0          SH: 17    Dex: 20    Spells: 18/31 levels left

rFire   + + .      SeeInvis .   y - +7 Screaming Sword {vorpal, sonic wave}
rCold   + + .      Faith    .   B - +3 kite shield
rNeg    . . .      Spirit   .   I - +9 gold dragon scales
rPois   +          Reflect  .   U - +1 helmet {Int+3}
rElec   +          Harm     .   L - scarf {repulsion}
rCorr   +          Rampage  .   (no gloves)
Will    +....      NoTele   +   (no boots)
Stlth   ..........              E - amulet of regeneration
HPRegen 1.32/turn               u - ring of the Tortoise {AC+8}
MPRegen 0.22/turn               p - ring of the Hare {EV+8}

@: mighty, resistant, very slightly contaminated, studying 3 skills, repel
missiles
A: high mp 1, forlorn, deformed body, deterioration 2
a: no special abilities


You were in the Dungeon.
You visited 1 branch

Inventory:

Hand Weapons
 i - the +5 demon whip "Spellbinder" {antimagic, Will+}
   (You found it in the Dungeon)

   It reduces the magical energy of the wielder, and disrupts the spells and
   magical abilities of those it strikes.
   Natural abilities and divine invocations are not affected.
   It unleashes wild and unpredictable magical effects upon striking a wizard or
   a creature with magical abilities.
   Will:      It increases your willpower.
 x - the +6 Majin-Bo {vamp, MP+6 Int+6}
   (You found it in the Dungeon)

   It occasionally heals its wielder for a portion of the damage dealt when they
   wound a living foe with it or with a spell.
   Its wielder's spells cost health as well as magical power.
   Int:       It affects your intelligence (+6).
   MP:        It affects your magic capacity (+6).
 y - the +7 Screaming Sword (weapon) {vorpal, sonic wave}
   (You found it in the Dungeon)

   It inflicts extra damage upon your enemies.
   It radiates damaging sonic waves as it strikes, especially in combat
   involving dangerous or numerous foes.
 z - the +5 sword of Power {vorpal}
   (You found it in the Dungeon)

   It inflicts extra damage upon your enemies.
   It occasionally discharges a powerful but inaccurate bolt of energy upon
   striking a foe, with increased chance the greater the wielder's current
   health.
 A - the +9 sword of Zonguldrok {reap}
   (You found it in the Dungeon)

   Any living foe damaged by it may be reanimated upon death as a zombie
   friendly to the wielder, with an increasing chance as more damage is dealt.
Armour
 B - a +3 kite shield (worn)
 C - a +3 tower shield
 I - +9 gold dragon scales (worn)
 J - a +5 crystal plate armour
 L - a scarf of repulsion (worn)
 M - +0 steam dragon scales
 U - a +1 helmet of intelligence (worn)
 X - a +0 cloak of willpower
Jewellery
 p - the ring of the Hare (right hand) {EV+8}
   (You found it in the Dungeon)

   [ring of evasion]

   EV:        It affects your evasion (+8).
 u - the ring of the Tortoise (left hand) {AC+8}
   (You took it off a vault guard in the Dungeon)

   [ring of protection]

   AC:        It affects your AC (+8).
 E - an amulet of regeneration (around neck)
 N - the ring of Muluafa {MP+9 Dex+4 Stlth+}
   (You found it in the Dungeon)

   [ring of magical power]

   Dex:       It affects your dexterity (+4).
   MP:        It affects your magic capacity (+9).
   Stlth:     It makes you more stealthy.
 O - a ring of see invisible
 R - the ring "Nuvi" {Fire Drain rPois Int+4 SInv}
   (You found it in the Dungeon)

   [ring of fire]

   It enhances your fire magic.
   Int:       It affects your intelligence (+4).
   rF:        It protects you from fire.
   rC:        It makes you vulnerable to cold.
   rPois:     It protects you from poison.
   SInv:      It lets you see invisible.
   Drain:     It drains your maximum health when unequipped.
 S - a ring of magical power
 V - the necklace of Bloodlust {*Rage +Rage Will++ Int-3 Slay+6}
   (You took it off Frances in the Dungeon)

   [amulet of nothing]

   It extends the wearer's berserk rage when killing foes.
   Int:       It affects your intelligence (-3).
   Slay:      It affects your accuracy & damage with ranged weapons and melee
   (+6).
   +Rage:     It lets you go berserk.
   *Rage:     It may make you go berserk in combat.
   Will:      It greatly increases your willpower.
 W - a +6 ring of dexterity
 Y - a ring of protection from fire
Wands
 m - a wand of mindburst (7)
 n - a wand of iceblast (4)
 o - a wand of acid (5)
Scrolls
 g - a scroll of blinking
 k - 2 scrolls of brand weapon
Potions
 b - 5 potions of curing
 d - 3 potions of haste
 e - 7 potions of magic
 f - a potion of berserk rage
 h - 2 potions of brilliance
 j - 2 potions of resistance
 l - 5 potions of might
Miscellaneous
 a - a box of beasts
 w - a lightning rod (4/4)
 D - a phantom mirror
 F - a tin of tremorstones (2/2)
 G - a tin of tremorstones (2/2)
 H - a phantom mirror
 K - a box of beasts
 P - a phial of floods
 T - a condenser vane
 Z - a phantom mirror


   Skills:
 + Level 14.4 Fighting
 - Level 13.7(15.9) Short Blades
 - Level 13.8(16.0) Long Blades
 - Level 14.1 Armour
 - Level 14.0 Dodging
 - Level 1.7 Stealth
 + Level 13.9 Shields
 - Level 9.1 Spellcasting
 - Level 3.6 Conjurations
 - Level 14.7 Poison Magic
 - Level 14.4 Evocations


You had 18 spell levels left.
You knew the following spells:

 Your Spells              Type           Power      Damage    Failure   Level
a - Magic Dart            Conj           100%       1d8       93%         1
b - Infestation           Necr           5%         N/A       100%        8
c - Olgreb's Toxic Radia  Pois           68%        N/A       24%         4

Your spell library contained the following spells:

 Spells                   Type           Power      Damage    Failure   Level
 Sting                    Tmut/Pois      100%       1d8       43%         1
 Poisonous Vapours        Pois/Air       88%        N/A       58%         2
 Mephitic Cloud           Conj/Pois/Air  38%        N/A       94%         3
 Searing Ray              Conj           54%        3d5       98%         2
 Foxfire                  Conj/Fire      72%        2x1d7     99%         1
 Ignite Poison            Fire/Tmut/Pois 33%        N/A       99%         3
 Corona                   Hex            11%        N/A       100%        1
 Pain                     Necr           40%        1d6       100%        1
 Ensorcelled Hibernation  Hex/Ice        20%        N/A       100%        2
 Static Discharge         Conj/Air       18%        N/A       100%        2
 Sublimation of Blood     Necr           5%         N/A       100%        2
 Wereblood                Tmut           10%        N/A       100%        2
 Conjure Flame            Conj/Fire      18%        6-21      100%        3
 Dazzling Flash           Conj/Hex       36%        N/A       100%        3
 Frozen Ramparts          Ice            20%        1d4       100%        3
 Gell's Gravitas          Tloc           5%         N/A       100%        3
 Inner Flame              Hex/Fire       10%        N/A       100%        3
 Lesser Beckoning         Tloc           5%         N/A       100%        3
 Ozocubu's Armour         Ice            10%        N/A       100%        3
 Stone Arrow              Conj/Erth      36%        3d9       100%        3
 Teleport Other           Tloc           10%        N/A       100%        3
 Tukima's Dance           Hex            10%        N/A       100%        3
 Animate Armour           Summ/Erth      20%        N/A       100%        4
 Animate Dead             Necr           5%         N/A       100%        4
 Cause Fear               Hex            5%         N/A       100%        4
 Fulminant Prism          Conj/Hex       9%         3d7       100%        4
 Ice Form                 Ice/Tmut       10%        N/A       100%        4
 Iskenderun's Mystic Bla  Conj/Tloc      18%        2d6       100%        4
 Petrify                  Tmut/Erth      10%        N/A       100%        4
 Sticky Flame             Conj/Fire      18%        2d4       100%        4
 Summon Ice Beast         Ice/Summ       10%        N/A       100%        4
 Summon Lightning Spire   Summ/Air       10%        N/A       100%        4
 Agony                    Necr           10%        N/A       100%        5
 Borgnjor's Vile Clutch   Necr/Erth      5%         N/A       100%        5
 Excruciating Wounds      Necr           5%         N/A       100%        5
 Fireball                 Conj/Fire      9%         3d6       100%        5
 Freezing Cloud           Conj/Ice/Air   8%         6-21      100%        5
 Irradiate                Conj/Tmut      9%         3d16      100%        5
 Lightning Bolt           Conj/Air       9%         1d21      100%        5
 Silence                  Hex/Air        5%         N/A       100%        5
 Conjure Ball Lightning   Conj/Air       9%         3x3d6     100%        6
 Eringya's Noxious Bog    Tmut/Pois      22%        N/A       100%        6
 Simulacrum               Ice/Necr       5%         N/A       100%        6
 Starburst                Conj/Fire      9%         6d5       100%        6
 Statue Form              Tmut/Erth      6%         N/A       100%        6
 Dragon Form              Tmut           5%         N/A       100%        7
 Haunt                    Necr/Summ      5%         N/A       100%        7
 Ozocubu's Refrigeration  Ice            5%         4d6       100%        7
 Storm Form               Tmut/Air       5%         N/A       100%        7
 Summon Hydra             Summ           5%         N/A       100%        7
 Discord                  Hex            5%         N/A       100%        8
 Disjunction              Tloc           5%         N/A       100%        8
 Ignition                 Fire           5%         3d4       100%        8
 Lehudib's Crystal Spear  Conj/Erth      9%         10d4      100%        8
 Maxwell's Capacitive Co  Air            5%         ∞         100%        8
 Dragon's Call            Summ           5%         N/A       100%        9


Dungeon Overview and Level Annotations

Branches:
Dungeon (1/1)


Innate Abilities, Weirdness & Mutations

Your attributes grow dramatically as you level up.
You have an increased reservoir of magic. (+10% MP)
You shall have no god before yourself.
Armour fits poorly on your strangely shaped body.
Your body often deteriorates upon taking damage.


Message History

The electric golem crackles and sizzles.
You block the electric golem's attack.
The electric golem hits you but does no damage.
The electric golem closely misses you.
The electric golem hits you but does no damage.
The titan waves its arms in wide circles.
The air twists around and strikes you. You block the electric golem's attack.
The electric golem hits you but does no damage.
You block the electric golem's attack.
The electric golem hits you but does no damage.
The storm dragon bites you but does no damage.
The storm dragon claws you but does no damage.
The storm dragon tramples you but does no damage.
You feel very mighty all of a sudden.
The electric golem crackles and sizzles.
The electric golem blinks!
The titan gestures at you while chanting.
The bolt of lightning hits the storm dragon.
The storm dragon completely resists.
The bolt of lightning hits the storm dragon.
The storm dragon completely resists.
The bolt of lightning hits the electric golem.
The electric golem completely resists.
The bolt of lightning hits you! You resist.
* * * LOW HITPOINT WARNING * * *
The electric golem crackles and sizzles.
The electric golem blinks!
The titan waves its arms in wide circles.
The air twists around and strikes you!!
* * * LOW HITPOINT WARNING * * *
The storm dragon breathes lightning at you.
The bolt of lightning misses you. x2
The electric golem hurls lightning at you.
The bolt of lightning hits the storm dragon.
The storm dragon completely resists.
The bolt of lightning misses you. The bolt of lightning hits you! You resist.
* * * LOW HITPOINT WARNING * * *
The wind drake flaps its wings at you. The air twists around and strikes you!
You die...

k.Ek.....▓.....).).....
9........▓.............
....kkDD...▓..▓.......▓..
.........Ck.CC▓.▓.▓....†▓.▓.
..........i.D.▓..▓.......▓))
.........9.D.▓.........†.)†
▓.......▓[D.▓......©...... .
▓▓.....▓▓▓ik▓▓▓▓▓▓▓▓▓▓▓▓▓▓
...▓.......▓@D.▓.....8©8.....
..............9▓.)}).}[[=|[).
.......©.......▓..).)|"..[|..
▓▓▓▓▓▓▓▓▓▓▓▓▓▓▓▓.............
▓............. ▓.............
▓............. ▓.............
▓.............


You could see an electric golem, 2 titans, 4 storm dragons, a wind drake (repels
missiles) and a spriggan air mage (repels missiles).

Vanquished Creatures
  Saint Roka (D)
  2 liches (D)
  Frances (D)
  Gastronok (D)
  Agnes (D)
  An azure jelly (D)
  A nagaraja (D)
  3 rockslimes (D)
  An iron dragon (D)
  2 quicksilver oozes (D)
  4 stone giants (D)
  A reaper (D)
  A crystal guardian (D)
  2 great orbs of eyes (D)
  2 naga warriors (D)
  24 vault guards (D)
  A spriggan air mage (D)
  2 anacondas (D)
  6 dancing weapons (D)
  3 deep elf knights (D)
  4 iron golems (D)
  2 soul eaters (D)
  Nergalle (D)
  A skeletal warrior (D)
  A spriggan druid (D)
  A deep elf archer (D)
  A deep elf zephyrmancer (D)
  2 shining eyes (D)
  A guardian serpent (D)
  3 naga magi (D)
  A gargoyle (D)
  An eye of devastation (D)
  A rust devil (D)
  4 toenail golems (D)
  2 black mambas (D)
  Psyche (D)
  A freezing wraith (D)
  2 rime drakes (D)
  A tormentor (D)
  7 yaktaurs (D)
  Grinder (D)
  A red devil (D)
  3 wind drakes (D)
  A hornet (D)
  9 slime creatures (D)
  8 air elementals (D)
  3 spriggans (D)
  A golden eye (D)
  3 steam dragons (D)
  5 nagas (D)
  A large abomination (D)
  4 water moccasins (D)
  A floating eye (D)
  A black bear (D)
  2 wolves (D)
  8 earth elementals (D)
  2 wights (D)
  6 jellies (D)
  Crazy Yiuf (D)
  3 iron imps (D)
  Jessica (D)
  2 mummies (D)
  3 adders (D)
  2 shadow imps (D)
  An ufetubus (D)
  2 adder skeletons (D)
  3 spectral bats (D)
  5 ball pythons (D)
  A bat zombie (D)
  3 endoplasms (D)
  A ball python skeleton (D)
  A giant cockroach zombie (D)
  A quokka skeleton (D)
  A quokka zombie (D)
  A spectral ball python (D)
  2 spectral giant cockroaches (D)
192 creatures vanquished.

Vanquished Creatures (others)
  A yaktaur (D)
  An air elemental (D)
2 creatures vanquished.

Grand Total: 194 creatures vanquished

Notes
Turn   | Place    | Note
-------+----------+-------------------------------------------
     0 | D        | MikeHunt the Demigod Conjurer began the quest for the Orb.
     0 | D        | Reached XP level 1. HP: 14/14 MP: 5/5
     0 | D        | Found the +6 Majin-Bo {vamp, MP+6 Int+6}
     0 | D        | Found the +9 heavy crossbow "Sniper" {vorpal, Acc+∞ SInv}
     0 | D        | Found the +10 dark maul {vorpal}
     0 | D        | Found the +15 Maxwell's patent armour {-Cast -Tele rElec
                  | Will+ rCorr}
     0 | D        | Found the +18 shield of the Gong {rElec rN+ Will+ EV-5}
     0 | D        | Found the +14 obsidian axe {vorpal, Drain Fly SInv}
     0 | D        | Found the +7 great mace "Firestarter" {inner flame, rF++}
     0 | D        | Found the +6 shillelagh "Devastator" {shatter}
     0 | D        | Found the +11 plutonium sword {Contam Stlth-}
     0 | D        | Found the +8 lance "Wyrmbane" {slay drac, rPois rF+ rC+
                  | AC+3}
     0 | D        | Found the +9 sword of Zonguldrok {reap}
     0 | D        | Found the +13 scythe of Curses {drain, Drain}
     0 | D        | Found the +5 sword of Power {vorpal}
     0 | D        | Found the +7 mace of Variability {chain chaos}
     0 | D        | Found the +7 Singing Sword {vorpal, sonic wave}
     0 | D        | Found the +8 storm bow {elec, penet}
     2 | D        | Found a transporter.
    53 | D        | Reached XP level 2. HP: 20/20 MP: 7/7
    55 | D        | Entered arena 2.
    55 | D        | Found a transporter.
    64 | D        | Entered arena 3.
    64 | D        | Noticed a large abomination
    64 | D        | Found a transporter.
    68 | D        | Reached skill level 1 in Short Blades
    68 | D        | Reached skill level 1 in Evocations
    71 | D        | Killed a large abomination
    72 | D        | Reached skill level 5 in Short Blades
    72 | D        | Reached skill level 5 in Evocations
    72 | D        | Reached XP level 3. HP: 26/26 MP: 8/8
    72 | D        | Reached XP level 4. HP: 33/33 MP: 9/9
    72 | D        | Reached XP level 5. HP: 38/38 MP: 10/10
   199 | D        | Entered arena 4.
   199 | D        | Noticed a water moccasin
   199 | D        | Found a transporter.
   203 | D        | Killed a water moccasin
   222 | D        | Entered arena 5.
   222 | D        | Noticed a deep elf archer
   222 | D        | Noticed a deep elf knight
   222 | D        | Noticed a +0 halberd of protection
   222 | D        | Noticed a +1 vorpal flail
   222 | D        | Found a transporter.
   225 | D        | Killed a deep elf archer
   225 | D        | Killed a +0 halberd of protection
   225 | D        | Killed a +1 vorpal flail
   226 | D        | Reached XP level 6. HP: 34/61 MP: 11/11
   226 | D        | Reached XP level 7. HP: 37/67 MP: 12/12
   226 | D        | Reached XP level 8. HP: 41/74 MP: 13/13
   232 | D        | Killed a deep elf knight
   233 | D        | Reached skill level 10 in Short Blades
   233 | D        | Reached skill level 10 in Evocations
   233 | D        | Reached XP level 9. HP: 65/82 MP: 14/14
   238 | D        | Got the Almanac of Arcane Weapons and the Volcanoes
   391 | D        | Entered arena 6.
   391 | D        | Noticed a rime drake
   391 | D        | Noticed a rime drake
   391 | D        | Found a transporter.
   395 | D        | Killed a rime drake
   402 | D        | Killed a rime drake
   410 | D        | Got the ring of Muluafa {MP+9 Dex+4 Stlth+}
   571 | D        | Entered arena 7.
   571 | D        | Noticed a toenail golem
   571 | D        | Noticed a toenail golem
   571 | D        | Noticed a toenail golem
   571 | D        | Noticed a toenail golem
   578 | D        | Killed a toenail golem
   579 | D        | Killed a toenail golem
   580 | D        | Reached skill level 5 in Dodging
   581 | D        | Killed a toenail golem
   584 | D        | Killed a toenail golem
   585 | D        | Reached XP level 10. HP: 61/93 MP: 15/15
   585 | D        | Found a transporter.
   713 | D        | Entered arena 8.
   713 | D        | Noticed a naga mage
   714 | D        | Found a transporter.
   719 | D        | Reached skill level 5 in Shields
   720 | D        | Killed a naga mage
   877 | D        | Entered arena 9.
   877 | D        | Noticed a spriggan rider
   877 | D        | Noticed a spriggan druid
   882 | D        | Killed a spriggan druid
   883 | D        | Found a transporter.
   893 | D        | Got the Collected Works on Unstable Venom
   899 | D        | Got the ring "Nuvi" {Fire Drain rPois Int+4 SInv}
   905 | D        | Entered arena 10.
   906 | D        | Paralysed by an air elemental for 1 turns
   910 | D        | Paralysed by an air elemental for 1 turns
   930 | D        | Found a transporter.
  1168 | D        | Entered arena 11.
  1168 | D        | Found the +5 demon whip "Spellbinder" {antimagic, Will+}
  1168 | D        | Noticed a deep elf zephyrmancer
  1168 | D        | Noticed a +4 mace of draining
  1168 | D        | Noticed a +4 halberd of venom
  1168 | D        | Noticed a +0 long sword of flaming
  1168 | D        | Noticed a +1 vorpal war axe
  1168 | D        | Noticed a deep elf knight
  1168 | D        | Noticed a deep elf knight
  1175 | D        | Killed a +4 mace of draining
  1177 | D        | Killed a deep elf zephyrmancer
  1177 | D        | Killed a +1 vorpal war axe
  1177 | D        | Killed a +4 halberd of venom
  1178 | D        | Reached skill level 10 in Dodging
  1178 | D        | Reached XP level 11. HP: 43/99 MP: 17/17
  1179 | D        | Killed a +0 long sword of flaming
  1179 | D        | Killed a deep elf knight
  1181 | D        | Found a transporter.
  1184 | D        | Killed a deep elf knight
  1185 | D        | Reached skill level 10 in Shields
  1365 | D        | Entered arena 12.
  1365 | D        | Noticed Crazy Yiuf
  1365 | D        | Noticed Saint Roka
  1365 | D        | Noticed Grinder
  1365 | D        | Noticed Gastronok
  1365 | D        | Noticed Nergalle
  1366 | D        | Noticed Agnes
  1366 | D        | Noticed Frances
  1367 | D        | Noticed Psyche
  1367 | D        | Noticed Jessica
  1368 | D        | Noticed a sixfirhy
  1368 | D        | Killed Crazy Yiuf
  1370 | D        | Found a transporter.
  1371 | D        | Killed Jessica
  1372 | D        | Killed Agnes
  1372 | D        | Killed Nergalle
  1372 | D        | Killed Grinder
  1372 | D        | Killed Psyche
  1376 | D        | Killed Gastronok
  1377 | D        | Killed Saint Roka
  1378 | D        | Reached XP level 12. HP: 30/106 MP: 18/18
  1383 | D        | Killed Frances
  1722 | D        | Entered arena 13.
  1723 | D        | Noticed a great orb of eyes
  1723 | D        | Noticed a rockslime
  1723 | D        | Noticed a quicksilver ooze
  1725 | D        | Found a transporter.
  1730 | D        | Killed a rockslime
  1730 | D        | Killed a quicksilver ooze
  1744 | D        | Killed a great orb of eyes
  1749 | D        | Got the Compendium of Poison
  1754 | D        | Got the Disquisition on Cankerous Fire
  1769 | D        | Entered arena 14.
  1770 | D        | Noticed an iron dragon
  1770 | D        | Noticed a stone giant
  1770 | D        | Noticed a crystal guardian
  1786 | D        | Reached skill level 10 in Long Blades
  1790 | D        | Killed a crystal guardian
  1792 | D        | Killed an iron dragon
  1802 | D        | Killed a stone giant
  1828 | D        | Found a transporter.
  1991 | D        | Entered arena 15.
  2005 | D        | Learned a level 8 spell: Infestation
  2010 | D        | Learned a level 4 spell: Olgreb's Toxic Radiance
  2034 | D        | Found a transporter.
  2039 | D        | Reached XP level 13. HP: 72/113 MP: 19/19
  2185 | D        | Entered arena 16.
  2186 | D        | Noticed a reaper
  2187 | D        | Found the +4 skin of Zhor {*Englaciate rC+++ SInv}
  2188 | D        | Found a transporter.
  2193 | D        | Reached skill level 5 in Poison Magic
  2203 | D        | Killed a reaper
  2520 | D        | Entered arena 17.
  2526 | D        | Noticed a stone giant
  2526 | D        | Found the +7 lajatang of Order {silver, rMut}
  2526 | D        | Noticed a lich
  2526 | D        | Noticed a stone giant
  2531 | D        | Identified the +6 battleaxe "Faxan" {venom, rC- rN++ SInv
                  | Stlth+}
  2533 | D        | Identified the +1 ring mail of the Skies Above {Drain rF++
                  | Int+5}
  2544 | D        | Killed a lich
  2546 | D        | Killed a stone giant
  2546 | D        | Killed a stone giant
  2858 | D        | Found a transporter.
  2866 | D        | Got Sif Muna's Tome of Snow
  2878 | D        | Entered arena 18.
  2891 | D        | Reached skill level 5 in Spellcasting
  2894 | D        | Identified the +7 lajatang "Kiuthok" {venom, +Rage rC+
                  | Dex+4}
  2894 | D        | Noticed a nagaraja
  2902 | D        | Killed a nagaraja
  2911 | D        | Found a transporter.
  3147 | D        | Entered arena 19.
  3153 | D        | Noticed an azure jelly
  3155 | D        | Gained mutation: Your body sometimes deteriorates upon
                  | taking damage. [a shining eye]
  3158 | D        | Gained mutation: Armour fits poorly on your strangely
                  | shaped body. [a shining eye]
  3160 | D        | Noticed a rockslime
  3160 | D        | Noticed a rockslime
  3161 | D        | Killed an azure jelly
  3161 | D        | Gained mutation: Your body often deteriorates upon taking
                  | damage. [a shining eye]
  3162 | D        | Reached skill level 10 in Fighting
  3162 | D        | Reached skill level 10 in Armour
  3164 | D        | Reached XP level 14. HP: 121/122 MP: 31/31
  3166 | D        | Killed a rockslime
  3168 | D        | Killed a rockslime
  3168 | D        | Paralysed by a great orb of eyes for 2 turns
  3175 | D        | Found a transporter.
  3317 | D        | Entered arena 20.
  3328 | D        | Found the ring of the Hare {EV+8}
  3345 | D        | Noticed a lich
  3345 | D        | Identified the +3 war axe of the Pure Xenops {venom, Dex+3
                  | SInv}
  3361 | D        | Killed a lich
  3404 | D        | Found a transporter.
  3452 | D        | Got Mircheo Hoefi's Grimoire of Dusty Changing
  3461 | D        | Entered arena 21.
  3468 | D        | Paralysed by an air elemental for 1 turns
  3468 | D        | Noticed an electric golem
  3468 | D        | Noticed a storm dragon
  3469 | D        | Noticed a storm dragon
  3472 | D        | Paralysed by an air elemental for 1 turns
  3477 | D        | Noticed a titan
  3477 | D        | Noticed an electric golem
  3477 | D        | Noticed a storm dragon
  3477 | D        | Noticed a storm dragon
  3477 | D        | Paralysed by an air elemental for 1 turns
  3478 | D        | Noticed a storm dragon
  3479 | D        | Noticed a titan
  3479 | D        | Noticed an electric golem
  3482 | D        | Noticed a titan
  3485 | D        | HP: 3/133 [electric golem/bolt of lightning (7)]
  3485 | D        | Killed from afar by a wind drake

Illustrated notes

Levels and vault maps discovered:
D:        sprint_v [room_start, room_1, room_2, room_3, room_4, room_5, room_6,
          room_7, room_8, room_9, room_10, room_11, room_12, room_13, room_14,
          room_15, room_16, room_17, room_18, room_19, room_20, room_21,
          room_22, room_23, room_24, room_25, room_26, room_27]

Skill      XL: |  1  2  3  4  5  6  7  8  9 10 11 12 13 14 |
---------------+-------------------------------------------+-----
Long Blades    | 4 8 11 13 | 13.8
Shields        | 4 9 11 13 | 13.9
Dodging        | 3 5 10 12 14 | 14.0
Short Blades   | 5 9 10 11 13 | 13.7
Evocations     | 5 9 10 11 12 14 | 14.4
Fighting       | 7 8 9 10 14 | 14.4
Armour         | 7 8 9 10 14 | 14.1
Poison Magic   | 2 14 | 14.7
Spellcasting   | 9 |  9.1
Stealth        | |  1.7
Conjurations   | |  3.6

Action                   |  1- 3 |  4- 6 |  7- 9 | 10-12 | 13-15 || total
-------------------------+-------+-------+-------+-------+-------++-------
Melee: Double sword      |     3 |     4 |    19 |    82 |    88 ||   196
 Cast: Olgreb's Toxic Ra |       |       |       |       |     5 ||     5
Evoke: Lightning rod     |     4 |     1 |       |    21 |    12 ||    38
       Wand              |       |       |       |     5 |       ||     5
       Condenser vane    |       |       |       |     1 |       ||     1
  Use: Potion            |     2 |       |     5 |     9 |    10 ||    26
       Scroll            |       |       |       |       |     4 ||     4
 Stab: Invisible         |       |       |     3 |     2 |       ||     5
Armor: Storm dragon scal |       |     1 |    17 |    45 |    11 ||    74
       Gold dragon scale |       |       |       |       |    34 ||    34
Dodge: Dodged            |     6 |     3 |    10 |    44 |    40 ||   103
       Repelled          |       |       |       |     3 |       ||     3
Block: Buckler           |     2 |       |     7 |    21 |       ||    30
       Kite shield       |       |       |       |    22 |   101 ||   123
       Rpst.: Double sword |     3 |     1 |     2 |    11 |     8 ||    25

Table legend: (Time is in decaauts)
 A = Elapsed time spent in this place.
 B = Non-inter-level travel time spent in this place.
 C = Inter-level travel time spent in this place.
 D = Time resting spent in this place.
 E = Time spent auto-exploring this place.
 F = Levels seen in this place.
 G = Mean time per level.
                   A        B        C        D        E       F      G
               +--------+--------+--------+--------+--------+-----+--------+
         Total |   3425 |   3425 |      0 |   2434 |      0 |   1 | 3425.0 |
       Dungeon |   3425 |   3425 |      0 |   2434 |      0 |   1 | 3425.0 |
               +--------+--------+--------+--------+--------+-----+--------+

Top non-repeatable levels by time:
       D: 3425 daAuts
